 Dungeon Crawl Stone Soup version 0.22.1 (webtiles) character file.

665 Ursun the Ducker (level 7, -10/46 HPs)
             Began as a Merfolk Ice Elementalist on Sept 19, 2018.
             Killed by divine providence
             ... invoked by an orc priest
              (14 damage)
             ... on level 6 of the Dungeon.
             The game lasted 01:02:00 (6004 turns).

Ursun the Ducker (Merfolk Ice Elementalist)         Turns: 6004, Time: 01:02:01

Health: -10/46     AC:  5    Str:  8    XL:     7   Next: 57%
Magic:  18/22      EV: 16    Int: 17    God:
Gold:   163        SH:  0    Dex: 14    Spells: 8/14 levels left

rFire    . . .     SeeInvis .   n - +2 short sword (vamp)
rCold    . . .     Gourm    .   (no shield)
rNeg     . . .     Faith    .   a - +0 robe
rPois    .         Spirit   .   (no helmet)
rElec    .         Reflect  .   e - +0 cloak
rCorr    .         Harm     .   s - +0 pair of gloves
MR       .....                  m - +0 pair of boots
Stlth    ++........             (no amulet)
HPRegen  0.15/turn              o - ring of magical power
MPRegen  0.18/turn              (no ring)

@: no status effects
A: change form in water, swift swim, stealthy swim, no potion heal 1, sturdy
frame 1
a: no special abilities


You were on level 6 of the Dungeon.
You were not hungry.

You visited 1 branch of the dungeon, and saw 6 of its levels.

You collected 163 gold pieces.

Inventory:

Hand Weapons
 n - a +2 vampiric short sword (weapon)
 p - a +1 blowgun
Missiles
 q - 23 poisoned needles
Armour
 a - a +0 robe (worn)
 e - a +0 cloak (worn)
 m - a +0 pair of boots (worn)
 s - a +0 pair of gloves (worn)
Jewellery
 o - a ring of magical power (left hand)
Scrolls
 b - 2 scrolls of identify
 d - a scroll of magic mapping {unknown}
 h - a scroll of immolation
 i - a scroll of amnesia {unknown}
 k - 2 scrolls of remove curse
 r - 2 scrolls of enchant armour {unknown}
Comestibles
 c - 10 rations


   Skills:
 + Level 6.4 Dodging
 - Level 2.4 Stealth
 + Level 4.4 Spellcasting
 - Level 1.4 Conjurations
 + Level 5.9 Ice Magic


You had 8 spell levels left.
You knew the following spells:

 Your Spells              Type           Power        Failure   Level  Hunger
a - Freeze                Ice            ###.         1%          1    None
b - Throw Frost           Conj/Ice       ###...       4%          2    ##.....
c - Ozocubu's Armour      Chrm/Ice       ##......     13%         3    ###....

Your spell library contained the following spells:

 Spells                   Type           Power        Failure   Level  Hunger
 Throw Icicle             Conj/Ice       ###.....     32%         4    ####...
 Summon Ice Beast         Ice/Summ       ##......     41%         4    ####...


Dungeon Overview and Level Annotations

Branches:
Dungeon (6/15)
 Temple: D:4-7

Altars:
The Shining One

Annotations:
D:4 Dowan, Duvessa
D:5 Grinder, Sigmund


Innate Abilities, Weirdness & Mutations

You revert to your normal form in water.
You are very nimble and swift while swimming.
You are very stealthy in the water. (Stealth+)
Potions are less effective at restoring your health.
Your movements are slightly less encumbered by armour. (ER -2)


Message History

The orc is heavily wounded.
The orc hits you but does no damage.
The orc priest hits you but does no damage.
You closely miss the orc.
The orc is heavily wounded.
The orc hits you but does no damage. The orc priest barely misses you.
You hit the orc.
You feel better.
The orc is severely wounded.
You feel less wooden.
Your +0 cloak unmelds from your body.
Your +0 pair of gloves unmelds from your body.
Your +0 pair of boots unmelds from your body.
Your +0 robe unmelds from your body.
The orc barely misses you.
The orc priest hits you from afar with a trident!
* * * LOW HITPOINT WARNING * * *
You hit the orc.
You feel better.
You kill the orc!
The orc priest invokes the aid of Beogh against you.
Beogh smites you!
You die...

#####
######...######### #
###[.....#..........
o..
..........o))####
.....#.#####.##)@#
#(....o....##..#
#...o.########..#
....... #..# .#.....
#..########## ##...#
#...........# ##.#
##.########.# #. #.#
#.##.# #.
#.#######...#.#


You could see an orc priest.

Vanquished Creatures
  An ogre (D:6)
  A centaur (D:5)
  A scorpion (D:5)
  A howler monkey (D:4)
  2 bullfrog zombies (D:5)
  A jelly (D:5)
  An orc priest (D:6)
  3 orc wizards
  3 worker ants
  Robin (D:3)
  4 adders
  An adder zombie (D:5)
  A worm (D:4)
  2 dart slugs
  A leopard gecko (D:1)
  7 orcs
  A ball python (D:4)
  3 giant cockroaches (D:3)
  16 goblins
  6 hobgoblins
  6 jackals
  8 kobolds
  2 quokkas
  7 bats
  3 frilled lizards
  4 rats
87 creatures vanquished.

Notes
Turn   | Place    | Note
-------+----------+-------------------------------------------
     0 | D:1      | Ursun the Merfolk Ice Elementalist began the quest for the
                  | Orb.
     0 | D:1      | Reached XP level 1. HP: 13/13 MP: 3/3
   362 | D:1      | Reached skill level 3 in Dodging
   362 | D:1      | Reached XP level 2. HP: 19/19 MP: 3/5
   387 | D:1      | Learned a level 2 spell: Throw Frost
  1133 | D:1      | Reached skill level 1 in Conjurations
  1164 | D:1      | Reached XP level 3. HP: 18/24 MP: 0/6
  2045 | D:2      | Found a faded altar of an unknown god.
  2265 | D:2      | Found a glowing golden altar of the Shining One.
  2711 | D:3      | Noticed Robin
  2733 | D:3      | Reached XP level 4. HP: 30/30 MP: 0/7
  2788 | D:3      | Killed Robin
  2901 | D:3      | Learned a level 3 spell: Ozocubu's Armour
  3364 | D:4      | Reached skill level 4 in Dodging
  3679 | D:4      | Reached XP level 5. HP: 35/35 MP: 0/9
  4060 | D:4      | Noticed Duvessa
  4070 | D:4      | Noticed Dowan
  4300 | D:5      | Entered Level 5 of the Dungeon
  4668 | D:5      | Reached skill level 5 in Dodging
  4668 | D:5      | Reached XP level 6. HP: 41/41 MP: 11/11
  4745 | D:5      | Reached skill level 5 in Ice Magic
  4879 | D:5      | Gained mutation: Potions are less effective at restoring
                  | your health. [potion of mutation]
  4879 | D:5      | Gained mutation: Your movements are slightly less
                  | encumbered by armour. (ER -2) [potion of mutation]
  5253 | D:5      | Reached XP level 7. HP: 13/46 MP: 1/13
  5593 | D:5      | Noticed Sigmund
  5709 | D:5      | Noticed Grinder
  5865 | D:6      | Reached skill level 6 in Dodging
  6003 | D:6      | HP: 1/46 [orc priest/trident (7)]
  6004 | D:6      | Killed from afar by an orc priest

Skill      XL: |  1  2  3  4  5  6  7 |
---------------+----------------------+-----
Dodging        | 3 4 5 6 |  6.4
Conjurations   | 1 |  1.4
Ice Magic      | 4 5 |  5.9
Spellcasting   | 3 4 |  4.4
Stealth        | |  2.4

Action                   |  1- 3 |  4- 6 |  7- 9 || total
-------------------------+-------+-------+-------++-------
Melee: Unarmed           |    10 |       |       ||    10
       Blowgun           |       |    34 |       ||    34
       Short sword       |       |    17 |    53 ||    70
 Fire: Blowgun           |       |    13 |       ||    13
 Cast: Freeze            |    42 |    53 |    10 ||   105
       Throw Frost       |    27 |    49 |    11 ||    87
       Ozocubu's Armour  |       |     3 |       ||     3
  Use: Scroll            |     2 |     9 |       ||    11
       Potion            |       |     6 |     1 ||     7
  Eat: Chunk             |     5 |     8 |     3 ||    16
       Ration            |     1 |     2 |       ||     3
Armor: Robe              |     4 |     9 |     7 ||    20
       Skin              |       |    77 |    56 ||   133
Dodge: Dodged            |    29 |    41 |    34 ||   104
